 Dungeon Crawl Stone Soup version 0.19.0-16-g73b5abf (webtiles) character file.

283759 dobroeutro the Executioner (level 19, -1/162 HPs)
             Began as a Minotaur Berserker on Nov 10, 2016.
             Was the Champion of Trog.
             Killed from afar by a frost giant (46 damage)
             ... with a bolt of cold
             ... on level 1 of the Depths.
             The game lasted 01:11:35 (29925 turns).

dobroeutro the Executioner (Minotaur Berserker)    Turns: 29925, Time: 01:11:36

Health: -1/162     AC: 31    Str: 26    XL:     19   Next: 76%
Magic:  18/18      EV: 27    Int:  6    God:    Trog [******]
Gold:   1680       SH:  3    Dex: 26    Spells: 0 memorised, 18 levels left

rFire  . . .     SeeInvis .     W - +3 battleaxe (flame)
rCold  . . .     Gourm    .     S - +0 pearl dragon scales
rNeg   + . .     Faith    .     (shield currently unavailable)
rPois  +         Spirit   .     m - +2 hat of the Gloaming {Regen+ Dex+9 Stlth+}
rElec  +         Reflect  +     M - +1 cloak of Beegoh {rPois rCorr}
rCorr  +         Harm     .     v - +2 pair of gloves {Dex+3}
MR     ++++.                    w - +1 pair of boots
Stlth  +.........               L - +3 amulet of reflection
                                J - ring of protection from magic
                                l - +5 ring of protection

@: regenerating, studying Dodging
A: retaliatory headbutt, horns 2, talons 1, thin metallic scales 1, agile 1,
deformed body, frail 1, electricity resistance, evolution 1, subdued magic 2
a: Berserk, Trog's Hand, Brothers in Arms, Burn Spellbooks, Renounce Religion
}: 2/15 runes: serpentine, barnacled


You were on level 1 of the Depths.
You worshipped Trog.
Trog was exalted by your worship.
You were not hungry.

You visited 7 branches of the dungeon, and saw 34 of its levels.
You also visited: Sewer and Ice Cave.

You collected 3490 gold pieces.
You spent 1810 gold pieces at shops.

Inventory:

Hand Weapons
 D - a +2 antimagic executioner's axe
 E - a +5 battleaxe
 W - a +3 battleaxe of flaming (weapon)
Armour
 m - the +2 hat of the Gloaming (worn) {Regen+ Dex+9 Stlth+}
   (You acquired it on level 13 of the Dungeon)

   It affects your dexterity (+9).
   It increases your rate of regeneration.
   It makes you more stealthy.
 v - a +2 pair of gloves of dexterity (worn)
 w - a +1 pair of boots (worn)
 B - a cursed +0 shield
 M - the +1 cloak of Beegoh (worn) {rPois rCorr}
   (You found it on level 9 of the Dungeon)

   It protects you from poison.
   It protects you from acid and corrosion.
 S - +0 pearl dragon scales (worn)
 V - a +0 hat of spirit shield
 Z - a +2 chain mail of magic resistance
Jewellery
 g - a +4 ring of dexterity
 l - a +5 ring of protection (left hand)
 A - an uncursed ring of fire
 J - a ring of protection from magic (right hand)
 L - a +3 amulet of reflection (around neck)
 R - an uncursed ring of see invisible
 X - an uncursed amulet of regeneration
Wands
 p - a wand of digging (14/24)
 r - a wand of disintegration (7/24)
 z - a wand of lightning (5/15)
 P - a wand of teleportation (0/9)
 Q - a wand of paralysis (17/24)
Scrolls
 b - 3 scrolls of blinking
 i - 21 scrolls of remove curse
 j - 5 scrolls of magic mapping
 s - 8 scrolls of fog
 t - 13 scrolls of teleportation
 x - 4 scrolls of immolation
 y - 11 scrolls of identify
 H - 6 scrolls of enchant weapon
 K - 7 scrolls of recharging
Potions
 a - 5 potions of haste
 e - 17 potions of curing
 f - 10 potions of lignification
 h - 4 potions of agility
 k - 3 potions of berserk rage
 n - a potion of cure mutation
 o - 5 potions of ambrosia
 u - 4 potions of heal wounds
 F - 4 potions of might
 T - a potion of invisibility
 U - 4 potions of flight
 Y - a potion of resistance
Books
 d - a manual of Dodging
Comestibles
 c - 15 bread rations
 q - 21 fruits
 C - 14 meat rations
 G - 11 beef jerkies
 I - a royal jelly
 O - 7 slices of pizza


   Skills:
 + Level 18.5 Fighting
 * Level 25.4 Axes
 + Level 18.2 Armour
 + Level 17.4 Dodging


You had 18 spell levels left.
You didn't know any spells.

Dungeon Overview and Level Annotations

Branches:
Dungeon (15/15)            Temple (0/1) D:4            Lair (6/6) D:10
 Shoals (4/4) Lair:4        Snake (4/4) Lair:3          Orc (2/2) D:10
    Elf (2/3) Orc:2        Vaults (0/5) D:14         Depths (1/5) D:15
  Slime: Lair:5-6

Altars:
Ashenzari
Cheibriados
Dithmenos
Elyvilon
Gozag
Kikubaaqudgha
Okawaru
Qazlal
Ru
Vehumet
Yredelemnul
The Shining One

Shops:
D:15 ?   Orc:2 ([((   Shoals:4 *=   Snake:1 *   Snake:4 *

Portals:
Hell: Depths:1

Annotations:
D:9 1 runed door
Lair:5 exclusion: 2 oklob plants
Elf:2 3 runed doors


Innate Abilities, Weirdness & Mutations

You reflexively headbutt those who attack you in melee.
You have a pair of horns on your head.
You have sharp toenails.
You are partially covered in thin metallic scales. (AC +2)
You are agile. (Dex +2)
Armour fits poorly on your strangely shaped body.
You are frail. (-10% HP)
You are resistant to electric shocks. (rElec)
You evolve.
Your spells are easier to cast, but less powerful.


Message History

The frost giant casts a spell at you. The bolt of cold misses you.
The necromancer casts a spell.
The necromancer binds the souls of nearby monsters.
The frost giant points at you and mumbles some strange words.
The bolt of cold hits you!
* * * LOW HITPOINT WARNING * * *
Unknown command.
You completely miss the frost giant. You headbutt the frost giant.
The frost giant is moderately wounded.
Unknown command.
You slice the frost giant like a ripe choko!!!
You burn the frost giant! You headbutt the frost giant.
The frost giant is severely wounded.
You slash the yaktaur captain skeleton! You burn the yaktaur captain skeleton.
You slice the frost giant!! You burn the frost giant!
You hear two shouts!
The frost giant points at you and mumbles some strange words.
The bolt of cold hits you!
You die...

.....≈. ..........§..
..... #............. ...
#..........≈..#
#.≈≈≈.....≈≈≈..
#..§≈......≈≈....
##..........§......
##....)C.............
.......@CZ...........
........ZpZ..........
........#.Z.............
........#.Z.............
....##..##..............
.... ...##.....#........
#.. ...........##..[....
?. .............#.......
...#....###...........


You could see 2 frost giants, a necromancer, a fire dragon zombie, a stone giant
zombie, a deep troll shaman zombie, a yaktaur captain skeleton and an ettin
skeleton.

Vanquished Creatures
  Vashnia (Snake:2)
  The ghost of KarmaPolice the Sharpshooter, an adept HaHu of Okawaru (Snake:4)
  2 krakens (Shoals:4)
  Polyphemus (Shoals:2)
  A lich (Depths:1)
  Agnes (Snake:2)
  A storm dragon (D:13)
  Donald (Snake:3)
  4 nagarajas (Snake:4)
  Roxanne (Snake:2)
  Ilsuiw (Shoals:4)
  2 fire giants
  2 orc warlords (Orc:2)
  A deep elf sorcerer (Elf:1)
  3 stone giants (Depths:1)
  Azrael (D:12)
  An ettin (Depths:1)
  2 deep elf death magi
  A blizzard demon (IceCv)
  7 merfolk javelineers
  4 merfolk impalers
  2 fire dragons (Depths:1)
  A deep elf high priest (Elf:1)
  9 hydras
  3 rakshasas (Depths:1)
  4 ogre magi
  A vault guard (D:14)
  8 naga warriors
  5 centaur warriors
  A catoblepas (Shoals:1)
  19 anacondas
  4 merfolk avatars
  6 merfolk aquamancers
  7 dancing weapons
  2 deep troll shamans (Depths:1)
  3 tengu warriors
  4 alligator snapping turtles (Shoals:4)
  9 death yaks
  A satyr (Shoals:3)
  A deep troll earth mage (Depths:1)
  19 naga sharpshooters
  5 shock serpents
  9 deep elf knights
  4 salamander mystics
  10 skeletal warriors
  3 unseen horrors
  6 sea snakes
  4 deep trolls
  5 naga ritualists
  7 hill giants
  11 deep elf archers
  2 orc knights (Orc:2)
  The ghost of C0ssack the Slinger, a novice HaHu of Okawaru (D:7)
  6 harpies (Shoals:4)
  Pikel (D:7)
  10 cyclopes
  10 mana vipers
  34 deep elf magi
  An orc sorcerer (Orc:2)
  A wolf spider (D:15)
  8 salamanders
  12 ugly things
  8 manticores
  7 fauns
  2 ice statues (IceCv)
  A guardian serpent (shapeshifter) (D:13)
  17 naga magi
  32 black mambas
  6 sirens
  11 guardian serpents
  18 elephants
  4 water nymphs (Shoals:4)
  A torpor snail (Lair:3)
  16 spiny frogs
  15 rime drakes
  2 kobold demonologists (D:11)
  10 yaktaurs (Depths:1)
  14 ice devils (IceCv)
  13 trolls
  10 komodo dragons
  23 merfolk
  A polar bear (shapeshifter) (Depths:1)
  A tengu conjurer (D:13)
  The ghost of Ladykiller69 the Shield-Bearer, an amateur FoFi (D:4)
  Grinder (D:5)
  5 polar bears
  8 wind drakes
  11 blink frogs
  4 slime creatures (D:12)
  9 two-headed ogres
  9 hornets
  10 dream sheep
  6 snapping turtles
  26 hippogriffs
  Sigmund (D:7)
  4 air elementals
  14 spriggans (Lair:6)
  4 shadows
  12 water elementals
  12 wyverns
  66 yaks
  A vampire (D:11)
  8 basilisks
  2 hungry ghosts
  8 fire elementals
  2 steam dragons
  A mottled dragon (D:15)
  5 wargs
  Edmund (D:7)
  45 nagas
  15 water moccasins
  9 porcupines
  Duvessa (D:7)
  2 hell hounds (D:12)
  21 orc warriors
  Purgy (Sewer)
  A hornet zombie (D:9)
  3 ice beasts
  3 phantoms
  3 sky beasts
  A slave (D:7)
  6 black bears
  2 necrophages (D:9)
  4 boggarts
  31 ogres
  49 wolves
  14 centaurs
  7 crocodiles
  22 bullfrogs
  7 big kobolds
  A gnoll sergeant (D:11)
  2 earth elementals (Elf:2)
  Dowan (D:7)
  3 scorpions
  6 killer bees (D:8)
  10 wights
  10 howler monkeys
  An electric eel (D:6)
  5 centaur zombies
  10 crimson imps
  4 jellies
  2 quasits (D:7)
  A bullfrog zombie (D:6)
  7 hounds
  32 orc wizards
  16 orc priests
  5 centaur skeletons
  3 bullfrog skeletons
  Jessica (D:2)
  5 iguanas
  Natasha (D:2)
  7 worker ants
  A hound zombie (D:9)
  9 gnolls
  A howler monkey skeleton (D:7)
  13 adders
  4 shadow imps
  7 white imps (IceCv)
  7 ufetubi (IceCv)
  5 oozes
  An adder zombie (D:6)
  4 worms
  3 dart slugs
  6 leopard geckos
  104 orcs
  15 giant cockroaches
  8 hobgoblins
  5 jackals (D:3)
  3 quokkas
  2 ball pythons
  12 bats
  10 frilled lizards
  9 goblins
  18 kobolds
  6 rats
  A spectral orc (D:2)
  3 fungi
  14 plants
  7 tentacles (Shoals:4)
1399 creatures vanquished.

Vanquished Creatures (collateral kills)
  Nikola (Snake:2)
  3 nagarajas (Snake:4)
  A naga warrior (Snake:2)
  A yaktaur captain (D:13)
  An anaconda (Snake:4)
  A sea snake (Shoals:4)
  A naga ritualist (Snake:4)
  A salamander (Snake:4)
  3 naga magi
  A water nymph (Shoals:4)
  2 trolls (Orc:2)
  2 two-headed ogres (Orc:2)
  A merfolk (Shoals:4)
  A water elemental (Shoals:4)
  A basilisk (Lair:1)
  3 nagas
  4 ogres (Orc:2)
  An orc wizard (Orc:2)
29 creatures vanquished.

Vanquished Creatures (others)
  A vampire knight (Depths:1)
  A naga warrior (Snake:4)
  A harpy (Shoals:4)
  Natasha (D:2)
  A white imp (IceCv)
  2 ufetubi (IceCv)
  A bush (Lair:6)
  8 fungi
  9 plants
  19 tentacles (Shoals:4)
44 creatures vanquished.

Grand Total: 1472 creatures vanquished

Notes
Turn   | Place    | Note
-------+----------+-------------------------------------------
     0 | D:1      | dobroeutro the Minotaur Berserker began the quest for the Orb.
     0 | D:1      | Reached XP level 1. HP: 19/19 MP: 0/0
   186 | D:1      | Reached skill level 4 in Axes
   224 | D:1      | Reached XP level 2. HP: 26/26 MP: 1/1
   538 | D:1      | Reached skill level 5 in Axes
   721 | D:1      | Reached XP level 3. HP: 29/31 MP: 2/2
   735 | D:1      | Reached ** piety under Trog
   883 | D:2      | Noticed Natasha
   886 | D:2      | Killed Natasha
   886 | D:2      | Reached skill level 6 in Axes
   886 | D:2      | Reached XP level 4. HP: 15/39 MP: 3/3
  1050 | D:2      | Found a basalt altar of Yredelemnul.
  1199 | D:2      | Noticed Jessica
  1209 | D:2      | Killed Jessica
  1209 | D:2      | Reached skill level 7 in Axes
  1209 | D:2      | Reached XP level 5. HP: 26/45 MP: 4/4
  1247 | D:2      | Found a snail-covered altar of Cheibriados.
  1268 | D:2      | Reached *** piety under Trog
  1304 | D:2      | Found a stormy altar of Qazlal.
  1305 | D:2      | Noticed a water elemental
  1306 | D:2      | Noticed Natasha
  1307 | D:2      | Noticed an air elemental
  1307 | D:2      | Noticed a fire elemental
  1310 | D:2      | Killed Natasha
  1670 | D:3      | Found a glowing drain.
  1688 | Sewer    | Entered a sewer
  1714 | Sewer    | Noticed Purgy
  1720 | Sewer    | Killed Purgy
  1720 | Sewer    | Reached skill level 8 in Axes
  1720 | Sewer    | Reached XP level 6. HP: 51/51 MP: 5/5
  1914 | D:3      | Found a shadowy altar of Dithmenos.
  2214 | D:3      | Noticed a water moccasin
  2228 | D:3      | Killed a water moccasin
  2228 | D:3      | Reached skill level 9 in Axes
  2495 | D:4      | Found a white marble altar of Elyvilon.
  2504 | D:4      | Found an iron altar of Okawaru.
  2522 | D:4      | Reached XP level 7. HP: 51/57 MP: 6/6
  2566 | D:4      | Reached **** piety under Trog
  2839 | D:4      | Found a staircase to the Ecumenical Temple.
  2844 | D:4      | Noticed Ladykiller69's ghost (amateur FoFi)
  2863 | D:4      | Killed Ladykiller69's ghost
  2863 | D:4      | Reached skill level 10 in Axes
  2868 | D:4      | Paralysed by fainting for 12 turns
  3177 | D:5      | Entered Level 5 of the Dungeon
  3287 | D:5      | Noticed Grinder
  3303 | D:5      | Killed Grinder
  3303 | D:5      | Reached skill level 11 in Axes
  3303 | D:5      | Reached XP level 8. HP: 25/66 MP: 7/7
  3406 | D:5      | Received a gift from Trog
  4011 | D:6      | Reached skill level 5 in Fighting
  4170 | D:6      | Reached skill level 12 in Axes
  4286 | D:6      | Reached XP level 9. HP: 60/74 MP: 8/8
  4463 | D:6      | Reached skill level 5 in Armour
  4604 | D:6      | Reached skill level 5 in Dodging
  4704 | D:7      | Reached ***** piety under Trog
  4722 | D:7      | Found a shadowy altar of Dithmenos.
  4760 | D:7      | Found a radiant altar of Vehumet.
  4792 | D:7      | Noticed Edmund
  4796 | D:7      | Killed Edmund
  4802 | D:7      | Got a shimmering scythe
  4803 | D:7      | Identified the +5 scythe "Heux" {flame, Fragile rElec rF- rN+++} (You found it on level 7 of the Dungeon)
  4842 | D:7      | Found a glowing golden altar of the Shining One.
  4853 | D:7      | Reached skill level 13 in Axes
  4855 | D:7      | Noticed Duvessa
  4862 | D:7      | Killed Duvessa
  4880 | D:7      | Noticed Dowan
  4889 | D:7      | Killed Dowan
  4895 | D:7      | Noticed Pikel
  4913 | D:7      | Killed Pikel
  5330 | D:7      | Noticed C0ssack's ghost (novice HaHu)
  5338 | D:7      | Killed C0ssack's ghost
  5338 | D:7      | Reached XP level 10. HP: 86/86 MP: 9/9
  5365 | D:7      | Found a shattered altar of Ashenzari.
  5526 | D:7      | Noticed Sigmund
  5529 | D:7      | Killed Sigmund
  5759 | D:8      | Received a gift from Trog
  5874 | D:8      | Received a gift from Trog
  5937 | D:8      | Reached skill level 14 in Axes
  6236 | D:9      | Found a runed door.
  6338 | D:9      | Found a runed door.
  6549 | D:9      | Got a twisted cloak
  6555 | D:9      | Identified the +1 cloak of Beegoh {rPois rCorr} (You found it on level 9 of the Dungeon)
  6597 | D:9      | Found an ancient bone altar of Kikubaaqudgha.
  6653 | D:9      | Found an opulent altar of Gozag.
  6707 | D:9      | Found a sacrificial altar of Ru.
  6828 | D:9      | Got an ichor-stained scale mail
  6839 | D:9      | Identified the +5 scale mail "Wauj" {rN+ Int+4} (You took it off a wight on level 9 of the Dungeon)
  6847 | D:9      | Noticed a hill giant
  6855 | D:9      | Killed a hill giant
  6855 | D:9      | Reached XP level 11. HP: 95/95 MP: 10/10
  6892 | D:9      | Gained mutation: You are frail. (-10% HP) [mutagenic meat]
  6893 | D:9      | Gained mutation: You are dopey. (Int -2) [mutagenic meat]
  6894 | D:9      | Gained mutation: Scrolls take you a little longer to read. [mutagenic meat]
  7004 | D:10     | Entered Level 10 of the Dungeon
  7094 | D:10     | Received a gift from Trog
  7098 | D:10     | Reached skill level 15 in Axes
  7124 | D:10     | Noticed a three-headed hydra
  7129 | D:10     | Killed a one-headed hydra
  7172 | D:10     | Noticed a centaur warrior
  7181 | D:10     | Killed a centaur warrior
  7210 | D:10     | Noticed a skeletal warrior
  7227 | D:10     | Killed a skeletal warrior
  7375 | D:10     | Found a staircase to the Lair.
  7438 | D:10     | Received a gift from Trog
  7546 | D:10     | Found a staircase to the Orcish Mines.
  7713 | D:10     | Reached skill level 10 in Fighting
  8047 | D:11     | Noticed a hill giant
  8055 | D:11     | Killed a hill giant
  8055 | D:11     | Reached skill level 16 in Axes
  8094 | D:11     | Noticed a green ugly thing
  8099 | D:11     | Killed a green ugly thing
  8102 | D:11     | Reached XP level 12. HP: 86/96 MP: 11/11
  8111 | D:11     | Gained mutation: You have sharp toenails. [mutagenic meat]
  8112 | D:11     | Gained mutation: You are weak. (Str -2) [mutagenic meat]
  8703 | D:12     | Noticed Azrael
  8802 | Lair:1   | Entered Level 1 of the Lair of Beasts
  8899 | Lair:1   | Reached ****** piety under Trog
  8968 | Lair:1   | Reached skill level 10 in Armour
  9125 | Lair:1   | Received a gift from Trog
  9399 | Lair:1   | Reached skill level 17 in Axes
  9405 | Lair:1   | Noticed a seven-headed hydra
  9440 | Lair:1   | Killed a five-headed hydra
  9808 | Lair:1   | Noticed a seven-headed hydra
  9825 | Lair:1   | Killed a three-headed hydra
  9825 | Lair:1   | Reached skill level 10 in Dodging
 10977 | Lair:2   | Reached XP level 13. HP: 105/105 MP: 6/12
 11053 | Lair:3   | Received a gift from Trog
 11324 | Lair:3   | Found a staircase to the Snake Pit.
 11487 | Lair:3   | Reached skill level 18 in Axes
 12406 | Lair:4   | Found a staircase to the Shoals.
 13115 | Lair:4   | Gained mutation: Your spells are a little easier to cast, but a little less powerful. [potion of mutation]
 13115 | Lair:4   | Gained mutation: You are partially covered in thin metallic scales. (AC +2) [potion of mutation]
 13116 | Lair:4   | Gained mutation: Your spells are easier to cast, but less powerful. [potion of mutation]
 13116 | Lair:4   | Lost mutation: Scrolls take you a little longer to read. [potion of mutation]
 13118 | Lair:4   | Gained mutation: You possess an exceptional clarity of mind. [potion of mutation]
 13118 | Lair:4   | Lost mutation: You possess an exceptional clarity of mind. [potion of mutation]
 13118 | Lair:4   | Lost mutation: You are frail. (-10% HP) [potion of mutation]
 13143 | Lair:5   | Received a gift from Trog
 13144 | Lair:5   | Reached XP level 14. HP: 103/127 MP: 13/13
 13150 | Lair:5   | Reached skill level 19 in Axes
 13710 | Lair:6   | Entered Level 6 of the Lair of Beasts
 14032 | Lair:6   | Received a gift from Trog
 15093 | D:12     | Reached skill level 20 in Axes
 15228 | D:12     | Received a gift from Trog
 15375 | D:12     | Killed Azrael
 15557 | D:12     | Found a glowing golden altar of the Shining One.
 15585 | D:12     | Reached XP level 15. HP: 137/137 MP: 12/14
 16069 | D:13     | Found a large runed door.
 16077 | D:13     | Found a large runed door.
 16233 | D:13     | Identified a scroll of acquirement
 16236 | D:13     | Got a shimmering hat
 16247 | D:13     | Identified the +2 hat of the Gloaming {Regen+ Dex+9 Stlth+} (You acquired it on level 13 of the Dungeon)
 16297 | D:13     | Found a stormy altar of Qazlal.
 16297 | D:13     | Noticed a storm dragon
 16305 | D:13     | Killed a storm dragon
 16308 | D:13     | Found a glowing golden altar of the Shining One.
 16557 | D:14     | Found a gate to the Vaults.
 16655 | D:14     | Received a gift from Trog
 17158 | D:15     | Entered Level 15 of the Dungeon
 17283 | D:15     | Found a staircase to the Depths.
 17284 | D:15     | Noticed a fire giant
 17322 | D:15     | Killed a fire giant
 17322 | D:15     | Reached skill level 21 in Axes
 17581 | D:15     | Found Fafuraumn's Magic Scroll Shoppe.
 18027 | Orc:1    | Entered Level 1 of the Orcish Mines
 18048 | Orc:1    | Received a gift from Trog
 18102 | Orc:1    | Identified a -1 rod of shadows (10/10) (You found it on level 2 of the Lair of Beasts)
 18471 | Orc:2    | Entered Level 2 of the Orcish Mines
 18472 | Orc:2    | Found a staircase to the Elven Halls.
 18605 | Orc:2    | Found Emicaun's Antique Weapon Shoppe.
 18626 | Orc:2    | Reached skill level 15 in Fighting
 18637 | Orc:2    | Reached XP level 16. HP: 61/149 MP: 5/15
 18665 | Orc:2    | Received a gift from Trog
 18729 | Orc:2    | Found Uzyu's Armour Shop.
 18734 | Orc:2    | Found Deybbife's Weapon Emporium.
 18735 | Orc:2    | Found Emerph's Antique Weapon Shoppe.
 19115 | Orc:2    | Received a gift from Trog
 19379 | Elf:1    | Entered Level 1 of the Elven Halls
 19807 | Elf:1    | Reached skill level 15 in Armour
 19880 | Elf:1    | Received a gift from Trog
 19996 | Elf:1    | Reached skill level 22 in Axes
 20458 | Elf:2    | Found a frozen archway.
 20490 | Elf:2    | Found a runed gate.
 20501 | Elf:2    | Found a runed gate.
 20528 | IceCv    | Entered an ice cave
 20667 | IceCv    | Received a gift from Trog
 21215 | Elf:2    | Reached XP level 17. HP: 133/158 MP: 16/16
 21388 | Elf:2    | Found a runed gate.
 21766 | Snake:1  | Entered Level 1 of the Snake Pit
 21774 | Snake:1  | Received a gift from Trog
 22002 | Snake:1  | Found Piemo's General Store.
 22056 | Snake:1  | Reached skill level 15 in Dodging
 22312 | Snake:2  | Noticed Nikola
 22320 | Snake:2  | Noticed Agnes
 22323 | Snake:2  | Killed Nikola
 22327 | Snake:2  | Killed Agnes
 22476 | Snake:2  | Noticed Roxanne
 22497 | Snake:2  | Killed Roxanne
 22498 | Snake:2  | Identified Roxanne's Tome of Moulding (You took it off Roxanne on level 2 of the Snake Pit)
 22712 | Snake:2  | Noticed Vashnia
 22786 | Snake:2  | Reached skill level 23 in Axes
 23209 | Snake:2  | Killed Vashnia
 23458 | Snake:3  | Received a gift from Trog
 23548 | Snake:3  | Noticed Donald
 23557 | Snake:3  | Killed Donald
 24064 | Snake:4  | Entered Level 4 of the Snake Pit
 24134 | Snake:4  | Noticed KarmaPolice's ghost (adept HaHu)
 24149 | Snake:4  | Killed KarmaPolice's ghost
 24313 | Snake:4  | Found Yhiclom's General Store.
 24421 | Snake:4  | Reached XP level 18. HP: 167/168 MP: 17/17
 24423 | Snake:4  | Got a jewelled scythe {slice}
 24424 | Snake:4  | Identified the cursed +3 scythe "Orotuke" {slice, rElec rN+ Int+3 Stlth+} (You took it off a nagaraja on level 4 of the Snake Pit)
 24568 | Snake:4  | Received a gift from Trog
 25558 | Snake:4  | Received a gift from Trog
 25593 | Snake:4  | Got an iridescent battleaxe {god gift}
 25594 | Snake:4  | Identified the +3 battleaxe "Qiuniar" {freeze, *Corrode rElec rPois Str+4} (Trog gifted it to you on level 4 of the Snake Pit)
 25643 | Snake:4  | Lost mutation: You are weak. (Str -2) [mutagenic meat]
 25644 | Snake:4  | Gained mutation: You are agile. (Dex +2) [mutagenic meat]
 25645 | Snake:4  | Lost mutation: You are dopey. (Int -2) [mutagenic meat]
 25648 | Snake:4  | Gained mutation: You have supernaturally acute eyesight. (SInv) [mutagenic meat]
 25649 | Snake:4  | Gained mutation: Armour fits poorly on your strangely shaped body. [mutagenic meat]
 25650 | Snake:4  | Gained mutation: You are resistant to electric shocks. (rElec) [mutagenic meat]
 25667 | Snake:4  | Reached skill level 24 in Axes
 25860 | Snake:4  | Received a gift from Trog
 25865 | Snake:4  | Got a serpentine rune of Zot
 26074 | Shoals:1 | Entered Level 1 of the Shoals
 26540 | Shoals:2 | Noticed Polyphemus
 26655 | Shoals:2 | Killed Polyphemus
 26903 | Shoals:2 | Gained mutation: You evolve. [potion of mutation]
 26903 | Shoals:2 | Gained mutation: You are frail. (-10% HP) [potion of mutation]
 27198 | Shoals:3 | Received a gift from Trog
 27430 | Shoals:4 | Entered Level 4 of the Shoals
 27440 | Shoals:4 | Reached XP level 19. HP: 118/161 MP: 18/18
 27538 | Shoals:3 | Lost mutation: You have supernaturally acute eyesight. (SInv) [evolution]
 27625 | Shoals:4 | Noticed Ilsuiw
 27642 | Shoals:4 | Killed Ilsuiw
 27958 | Shoals:4 | Received a gift from Trog
 28533 | Shoals:4 | Reached skill level 25 in Axes
 28542 | Shoals:4 | Got a barnacled rune of Zot
 28635 | Shoals:4 | Found Duaff's Desiderata Depot.
 28643 | Shoals:4 | Bought a manual of Dodging for 1435 gold pieces
 28649 | Shoals:4 | Found Usaathra's Jewellery Emporium.
 28657 | Shoals:4 | Bought a +3 amulet of reflection for 375 gold pieces
 29263 | Depths:1 | Entered Level 1 of the Depths
 29511 | Depths:1 | Received a gift from Trog
 29865 | Depths:1 | Found a gateway to Hell.
 29925 | Depths:1 | Killed from afar by a frost giant

Skill      XL: |  1  2  3  4  5  6  7  8  9 10 11 12 13 14 15 16 17 18 19 |
---------------+----------------------------------------------------------+-----
Axes           | 4 5 6 7 8 9 11 12 13 14 16 17 18 20 21 22 23 24 25 | 25.4
Fighting       | 4 5 7 8 10 11 12 13 15 16 17 18 | 18.5
Armour         | 3 4 6 7 9 11 12 13 14 15 16 17 18 | 18.2
Dodging        | 4 6 7 9 10 11 12 13 14 15 16 17 | 17.4

Action                   |  1- 3 |  4- 6 |  7- 9 | 10-12 | 13-15 | 16-18 | 19-21 || total
-------------------------+-------+-------+-------+-------+-------+-------+-------++-------
Melee: Hand axe          |    79 |   147 |   187 |       |       |       |       ||   413
       Headbutt          |    12 |    25 |    72 |   118 |   309 |   429 |   102 ||  1067
       Unarmed           |       |     2 |       |       |       |       |       ||     2
       Scythe            |       |       |    44 |   538 |       |       |       ||   582
       Battleaxe         |       |       |    41 |     2 |  1086 |  1255 |   371 ||  2755
Invok: Burn Spellbooks   |       |     1 |       |     1 |     2 |     5 |     1 ||    10
       Berserk           |       |     2 |     5 |     1 |     3 |     2 |       ||    13
       Brothers in Arms  |       |       |       |     1 |     2 |     5 |     1 ||     9
       Trog's Hand       |       |       |       |       |     1 |     8 |     5 ||    14
Evoke: Rod               |       |       |       |       |     2 |       |       ||     2
       Wand              |       |       |       |       |       |     1 |       ||     1
  Use: Scroll            |     3 |     2 |     6 |    11 |     6 |    10 |     1 ||    39
       Potion            |       |     1 |     1 |     1 |     3 |     2 |       ||     8
 Stab: Sleeping          |       |       |       |     1 |       |       |       ||     1
       Distracted        |       |       |       |       |     1 |     4 |       ||     5
  Eat: Chunk             |       |     7 |     4 |    23 |    29 |    35 |     6 ||   104
       Bread ration      |       |       |     1 |       |       |     1 |       ||     2
       Meat ration       |       |       |     1 |     1 |       |       |     1 ||     3
       Pizza             |       |       |       |     1 |       |     2 |       ||     3
       Royal jelly       |       |       |       |       |       |     3 |       ||     3
       Fruit             |       |       |       |       |       |     3 |       ||     3
Armor: Animal skin       |    13 |     8 |       |       |       |       |       ||    21
       Ring mail         |       |    39 |     7 |       |       |       |       ||    46
       Scale mail        |       |       |    86 |   237 |   233 |       |       ||   556
       Steam dragon scal |       |       |     1 |    55 |       |       |       ||    56
       Chain mail        |       |       |       |       |   237 |   162 |       ||   399
       Pearl dragon scal |       |       |       |       |       |   321 |   157 ||   478
Dodge: Dodged            |    55 |    84 |   131 |   521 |   832 |  1069 |   417 ||  3109
Block: Other             |       |       |       |       |       |       |    21 ||    21
       Reflection        |       |       |       |       |       |       |     1 ||     1
